 Dungeon Crawl Stone Soup version 0.18-a0-94-ga8e041d (webtiles) character file.

110912 ReteAZ the Imperceptible (level 16, -7/85 HPs)
             Began as a Spriggan Enchanter on Nov 14, 2015.
             Was the Champion of Okawaru.
             Mangled by a jumping spider (11 damage)
             ... on level 4 of the Spider Nest.
             The game lasted 02:18:07 (35204 turns).

ReteAZ the Imperceptible (Spriggan Enchanter)      Turns: 35204, Time: 02:18:07

Health: -7/85      AC:  7    Str:  4      XL:     16   Next: 8%
Magic:  21/27      EV: 19    Int: 27 (28) God:    Okawaru [******]
Gold:   3441       SH:  0    Dex: 23 (24) Spells: 3 memorised, 23 levels left

rFire  + . .     SeeInvis +     o - +7 rapier of Hutydic {pierce, +Blink rPois Int+4}
rCold  . . .     Clarity  .     Q - +1 robe {MR+}
rNeg   . . .     SustAt   .     y - +3 buckler of Miracles {rElec rF+}
rPois  +         Gourm    .     I - +1 hat {MR+}
rElec  +         Spirit   .     A - +2 cloak "Naept" {rCorr Dex+2}
rCorr  +         Warding  .     (gloves unavailable)
rMut   .         Stasis   .     (boots unavailable)
MR     ++++.                    Y - amulet of regeneration
Stlth  +++++++++.               j - +3 ring of evasion
                                f - +6 ring of intelligence

@: about to teleport, held, very quick, incredibly resistant to hostile
enchantments, incredibly stealthy
A: unfitting armour, see invisible, deterioration 1, herbivore 3, speed 3, slow
metabolism 2
a: Heroism, Finesse, Renounce Religion, Evoke Blink


You were on level 4 of the Spider Nest.
You worshipped Okawaru.
Okawaru was exalted by your worship.
You were not hungry.

You visited 5 branches of the dungeon, and saw 30 of its levels.
You also visited: Sewer.

You collected 3441 gold pieces.

Inventory:

Hand Weapons
 o - the +7 rapier of Hutydic (weapon) {pierce, +Blink rPois Int+4}
   (Okawaru gifted it to you on level 4 of the Orcish Mines)

   It inflicts extra damage upon your enemies.
   It affects your intelligence (+4).
   It protects you from poison.
   It lets you blink.
 C - the +4 rapier "Ziubem" {pierce, rElec rF+ Str-2 Dex+2}
   (Okawaru gifted it to you on level 4 of the Spider Nest)

   It inflicts extra damage upon your enemies.
   It affects your strength (-2).
   It affects your dexterity (+2).
   It protects you from fire.
   It insulates you from electricity.
 E - a +5 quick blade of flaming
Missiles
 a - 3 throwing nets (quivered)
Armour
 q - a +1 robe of positive energy
 y - the +3 buckler of Miracles (worn) {rElec rF+}
   (You acquired it on level 1 of the Lair of Beasts)

   It protects you from fire.
   It insulates you from electricity.
 A - the +2 cloak "Naept" (worn) {rCorr Dex+2}
   (Okawaru gifted it to you on level 7 of the Lair of Beasts)

   It affects your dexterity (+2).
   It protects you from acid and corrosion.
 I - a +1 hat of magic resistance (worn)
 L - a +2 robe of fire resistance
 P - a +2 robe of cold resistance
 Q - a +1 robe of magic resistance (worn)
Jewellery
 b - an uncursed amulet of rage
 f - a +6 ring of intelligence (left hand)
 j - a +3 ring of evasion (right hand)
 m - an uncursed ring of ice
 t - an uncursed ring of protection from cold
 x - an uncursed ring of protection from magic
 Y - an amulet of regeneration (around neck)
Wands
 D - a wand of disintegration (11)
 K - a wand of hasting (5)
 Z - a wand of teleportation (3)
Scrolls
 e - 5 scrolls of identify
 h - 4 scrolls of enchant armour
 k - 3 scrolls of teleportation
 n - 5 scrolls of recharging
 r - 3 scrolls of enchant weapon
 s - 2 scrolls of fear
 u - 6 scrolls of remove curse
 G - 3 scrolls of fog
 X - a scroll of blinking
Potions
 g - 10 potions of curing
 i - 5 potions of magic
 v - 2 potions of berserk rage
 w - 3 potions of brilliance
 B - 2 potions of resistance
 N - 3 potions of heal wounds
 T - a potion of agility
 W - 7 potions of might
Books
 c - a book of Maledictions

   Spells                             Type                      Level
   a - Corona                         Hexes                        1
   b - Ensorcelled Hibernation        Hexes/Ice                    2
   c - Confuse                        Hexes                        3
   d - Tukima's Dance                 Hexes                        3
   e - Dazzling Spray                 Conjuration/Hexes            3
 l - a book of Ice

   Spells                             Type                      Level
   a - Ice Form                       Ice/Transmutation            4
   b - Metabolic Englaciation         Hexes/Ice                    5
   c - Ozocubu's Refrigeration        Ice                          6
   d - Bolt of Cold                   Conjuration/Ice              6
   e - Freezing Cloud                 Conjuration/Ice/Air          6
   f - Simulacrum                     Ice/Necromancy               6
 p - a book of Alchemy

   Spells                             Type                      Level
   a - Sublimation of Blood           Necromancy                   2
   b - Ignite Poison                  Fire/Transmutation/Poison    3
   c - Alistair's Intoxication        Transmutation/Poison         4
   d - Condensation Shield            Ice                          4
   e - Petrify                        Transmutation/Earth          4
   f - Irradiate                      Conjuration/Transmutation    5
 H - a book of Cantrips

   Spells                             Type                      Level
   a - Corona                         Hexes                        1
   b - Animate Skeleton               Necromancy                   1
   c - Summon Small Mammal            Summoning                    1
   d - Apportation                    Translocation                1
 J - a book of Annihilations

   Spells                             Type                      Level
   a - Poison Arrow                   Conjuration/Poison           6
   b - Chain Lightning                Conjuration/Air              8
   c - Lehudib's Crystal Spear        Conjuration/Earth            8
   d - Glaciate                       Conjuration/Ice              9
   e - Fire Storm                     Conjuration/Fire             9
 R - a Fen Folio

   Spells                             Type                      Level
   a - Corpse Rot                     Necromancy                   2
   b - Stone Arrow                    Conjuration/Earth            3
   c - Leda's Liquefaction            Hexes/Earth                  4
   d - Summon Forest                  Summoning/Translocation      5
   e - Hydra Form                     Transmutation                6
   f - Summon Hydra                   Summoning                    7
 S - a book of Necromancy

   Spells                             Type                      Level
   a - Pain                           Necromancy                   1
   b - Animate Skeleton               Necromancy                   1
   c - Vampiric Draining              Necromancy                   3
   d - Regeneration                   Charms/Necromancy            3
   e - Animate Dead                   Necromancy                   4
   f - Control Undead                 Necromancy                   4
 U - a book of the Dragon

   Spells                             Type                      Level
   a - Flame Tongue                   Conjuration/Fire             1
   b - Cause Fear                     Hexes                        4
   c - Bolt of Fire                   Conjuration/Fire             6
   d - Dragon Form                    Transmutation                7
   e - Dragon's Call                  Summoning                    9
Comestibles
 d - 15 bread rations {@e1}
 z - 3 royal jellies
 F - 2 slices of pizza
 O - a fruit


   Skills:
 - Level 10.0 Fighting
 - Level 14.0 Short Blades
 - Level 15.4 Dodging
 + Level 21.0 Stealth
 - Level 4.0 Shields
 - Level 7.0 Spellcasting
 - Level 14.1 Hexes
 - Level 5.0 Invocations


You had 23 spell levels left.
You knew the following spells:

 Your Spells              Type           Power        Failure   Level  Hunger
a - Corona                Hex            ######.      1%          1    None
b - Ensorcelled Hibernat  Hex/Ice        #####.       1%          2    None
c - Confuse               Hex            ######..     1%          3    None


Dungeon Overview and Level Annotations

Branches:
Dungeon (13/15)            Temple (1/1) D:6            Lair (8/8) D:8
  Swamp (0/4) Lair:4       Spider (4/4) Lair:4          Orc (4/4) D:9
    Elf (0/3) Orc:4
  Slime: Lair:6-8    Vaults: D:13-14

Altars:
Ashenzari
Cheibriados
Dithmenos
Elyvilon
Fedhas
Gozag
Kikubaaqudgha
Makhleb
Nemelex Xobeh
Okawaru
Qazlal
Ru
Sif Muna
Trog
Vehumet
Xom
Yredelemnul
Zin
The Shining One

Shops:
D:6 ?   Orc:4 ![!:

Portals:
Pandemonium: Orc:4

Annotations:
D:4 skelma's ghost, amateur DEFE
D:8 Gastronok
D:13 Frances
Lair:7 exclusion: oklob plant


Innate Abilities, Weirdness & Mutations

You are tiny and cannot use many weapons and most armour.
You have supernaturally acute eyesight.
You are a herbivore.
You cover ground extremely quickly.
You need consume almost no food.
Your body sometimes deteriorates upon taking damage.


Message History

The jumping spider closely misses you.
The jumping spider leaps!
There is a web, spattered with blood here.
You struggle to detach yourself from the web.
The trapdoor spider bites you but does no damage.
The jumping spider pounces on you! The jumping spider bites you.
The jumping spider pounces on you!
* * * LOW HITPOINT WARNING * * *
Your body deteriorates!
You feel clumsy.
The jumping spider completely misses you.
Read which item? (? for menu, Esc to quit)
As you read the scroll of teleportation, it crumbles to dust.
You feel strangely unstable. The trapdoor spider bites you!
* * * LOW HITPOINT WARNING * * *
The jumping spider completely misses you.
The jumping spider bites you.
* * * LOW HITPOINT WARNING * * *
The jumping spider misses you.
The jumping spider bites you but does no damage.
The trapdoor spider closely misses you. The jumping spider pounces on you!
You die...

≈≈#.#.#....†.≈#†#.##
#########≈.≈#######
#†## #..≈..####!
#..# #......##.§#
##..####...####s.##
#..###.##.##.###..#
#.###..≈......#[#s#
#..#..≈.....≈.s#ss#
##....#.≈.≈.#..@s##
##...≈###...###≈...#
#≈...## #####
##...≈# #..≈##
##≈..# ##### #####


You could see an emperor scorpion, a demonic crawler, a trapdoor spider and 2
jumping spiders.

Vanquished Creatures
  Rupert (Lair:6)
  Donald (Spider:2)
  Maud (Lair:5)
  2 ghost moths (Spider:4)
  4 emperor scorpions (Spider:4)
  Azrael (D:12)
  An entropy weaver (Spider:4)
  Josephine (Orc:4)
  2 hydras
  A queen ant (Lair:6)
  3 orc high priests (Orc:4)
  Nergalle (Orc:1)
  The ghost of Grangar the Destroyer, a novice DECj of Vehumet (Lair:1)
  An unseen horror (D:11)
  An infernal demonspawn (Orc:4)
  A gelid demonspawn (Orc:4)
  4 orc knights (Orc:4)
  A hill giant (D:11)
  11 wolf spiders
  A putrid demonspawn (Orc:4)
  4 ugly things
  A griffon (Lair:6)
  9 orc sorcerers (Orc:4)
  7 orb spiders
  2 cyclopes
  A manticore (D:11)
  3 hornets (Spider:4)
  A rust devil (Orc:4)
  8 black mambas
  8 elephants
  11 spiny frogs
  3 gargoyles
  A hellwing (Orc:4)
  9 demonic crawlers
  5 komodo dragons
  A queen bee (D:10)
  A red devil (Orc:4)
  A spriggan druid (Lair:8)
  4 polar bears
  A giant leech (Lair:4)
  A troll (D:11)
  23 blink frogs
  Prince Ribbit (D:9)
  4 jumping spiders (Spider:4)
  5 slime creatures (D:13)
  A two-headed ogre (D:9)
  4 boulder beetles (Spider:4)
  A shadow (D:12)
  5 tarantellas
  A ynoxinul (Orc:4)
  5 trapdoor spiders (Spider:4)
  A deep elf mage (D:11)
  2 neqoxecs (Orc:4)
  108 yaks
  12 spriggans (Lair:8)
  2 wyverns
  19 redbacks
  12 hippogriffs
  5 wraiths
  2 hungry ghosts (D:8)
  A vampire mosquito (D:11)
  6 basilisks
  A fire elemental (D:12)
  2 swamp worms (Lair:4)
  Menkaure (D:4)
  11 porcupines
  21 wolves
  5 soldier ants (Lair:6)
  21 water moccasins
  3 hell hounds
  Duvessa (D:6)
  37 orc warriors
  5 ice beasts
  6 spiders (Spider:4)
  5 black bears
  Purgy (Sewer)
  2 sky beasts
  10 ogres
  A necrophage (D:8)
  9 wasps
  2 centaurs
  12 crocodiles
  4 brain worms (Spider:4)
  15 giant frogs
  2 big kobolds
  Dowan (D:6)
  2 scorpions
  5 wights
  22 killer bees
  3 electric eels
  4 giant frog zombies
  2 jellies
  6 crimson imps
  41 orc priests
  4 centaur zombies
  A giant frog skeleton (D:4)
  4 hounds
  26 orc wizards
  Jessica (D:9)
  4 centaur skeletons
  Natasha (D:4)
  19 worker ants
  8 iguanas
  23 sheep
  2 hound skeletons
  2 worker ant zombies
  86 river rats
  16 adders
  A shadow imp (D:8)
  An ooze (D:1)
  6 worms
  6 giant geckos
  162 orcs
  3 ball pythons
  8 giant cockroaches
  7 goblins
  5 hobgoblins
  13 jackals
  16 kobolds
  4 quokkas
  4 bats
  2 giant gecko skeletons
  15 giant newts
  9 rats
  2 plants (D:10)
1066 creatures vanquished.

Vanquished Creatures (collateral kills)
  A wasp (Spider:4)
1 creature vanquished.

Vanquished Creatures (others)
  A hound skeleton (D:8)
  24 fungi
  22 plants
47 creatures vanquished.

Grand Total: 1114 creatures vanquished

Notes
Turn   | Place    | Note
--------------------------------------------------------------
     0 | D:1      | ReteAZ the Spriggan Enchanter began the quest for the Orb.
     0 | D:1      | Reached XP level 1. HP: 9/9 MP: 5/5
    38 | D:1      | Reached skill level 5 in Stealth
   131 | D:1      | Reached XP level 2. HP: 13/13 MP: 6/6
   519 | D:1      | Reached skill level 6 in Stealth
   722 | D:1      | Learned a level 2 spell: Ensorcelled Hibernation
   822 | D:1      | Reached XP level 3. HP: 16/16 MP: 8/8
  1210 | D:2      | Reached skill level 7 in Stealth
  1526 | D:2      | Found a radiant altar of Vehumet.
  2336 | D:2      | Reached XP level 4. HP: 19/21 MP: 9/9
  2621 | D:3      | Found a faded altar to an unknown god.
  2646 | D:3      | Reached skill level 1 in Fighting
  2829 | D:3      | Reached XP level 5. HP: 25/25 MP: 4/10
  3658 | D:3      | Found a sparkling altar of Nemelex Xobeh.
  3658 | D:3      | Found a burning altar of Makhleb.
  4321 | D:3      | Reached skill level 8 in Stealth
  4329 | D:3      | Reached XP level 6. HP: 23/30 MP: 9/11
  4609 | D:4      | Found a glowing drain.
  4631 | Sewer    | Entered a sewer
  4847 | Sewer    | Noticed Purgy
  4860 | Sewer    | Killed Purgy
  4860 | Sewer    | Reached skill level 5 in Short Blades
  4860 | Sewer    | Reached XP level 7. HP: 35/35 MP: 8/12
  4984 | D:4      | Noticed Menkaure
  4988 | D:4      | Noticed skelma's ghost (amateur DEFE)
  4988 | D:4      | Noticed Natasha
  4991 | D:4      | Killed Menkaure
  4991 | D:4      | Reached skill level 9 in Stealth
  5924 | D:4      | Killed Natasha
  6025 | D:5      | Entered Level 5 of the Dungeon
  6129 | D:5      | Reached skill level 10 in Stealth
  6155 | D:5      | Reached XP level 8. HP: 39/39 MP: 10/13
  6854 | D:6      | Found an ancient bone altar of Kikubaaqudgha.
  6906 | D:6      | Noticed Dowan
  6942 | D:6      | Noticed Duvessa
  6969 | D:6      | Found a staircase to the Ecumenical Temple.
  7056 | D:6      | Reached skill level 5 in Hexes
  7127 | Temple   | Entered the Ecumenical Temple
  7401 | Temple   | Became a worshipper of Warmaster Okawaru
  7479 | D:6      | Killed Duvessa
  7488 | D:6      | Killed Dowan
  7652 | D:6      | Found Serar's Magic Scroll Shoppe.
  8332 | D:7      | Found a shadowy altar of Dithmenos.
  8384 | D:7      | HP: 1/39 [orc priest/divine providence (14)]
  8752 | D:7      | Reached skill level 5 in Spellcasting
  8752 | D:7      | Reached XP level 9. HP: 35/42 MP: 13/17
  8875 | D:7      | You fall through a shaft for 2 floors!
  9012 | D:8      | Reached skill level 5 in Dodging
  9208 | D:8      | Found a staircase to the Lair.
  9215 | D:8      | Found a snail-covered altar of Cheibriados.
  9221 | D:8      | Reached * piety under Okawaru
  9264 | D:7      | Learned a level 3 spell: Confuse
  9947 | D:8      | Reached skill level 10 in Dodging
 10038 | D:8      | Noticed Gastronok
 10040 | D:8      | Found an opulent altar of Gozag.
 10305 | D:8      | Reached ** piety under Okawaru
 10446 | D:9      | Reached skill level 11 in Dodging
 10604 | D:9      | Noticed Prince Ribbit
 10611 | D:9      | Killed Prince Ribbit
 10611 | D:9      | Reached XP level 10. HP: 45/45 MP: 18/18
 10656 | D:9      | Reached skill level 12 in Dodging
 10693 | D:9      | Found a staircase to the Orcish Mines.
 10838 | D:9      | Noticed Jessica
 10857 | D:9      | Killed Jessica
 10858 | D:9      | Found a deep blue altar of Sif Muna.
 11100 | D:10     | Entered Level 10 of the Dungeon
 11285 | D:10     | Reached *** piety under Okawaru
 11621 | D:10     | Reached skill level 10 in Short Blades
 12812 | Lair:1   | Entered Level 1 of the Lair of Beasts
 12832 | Lair:1   | Reached **** piety under Okawaru
 12865 | Lair:1   | Identified 2 scrolls of acquirement
 12914 | Lair:1   | Got a faintly glowing buckler
 12920 | Lair:1   | Identified the +3 buckler of Miracles {rElec rF+} (You acquired it on level 1 of the Lair of Beasts)
 13102 | Lair:1   | Reached skill level 1 in Shields
 13121 | Lair:1   | Reached ***** piety under Okawaru
 13159 | Lair:1   | Reached skill level 5 in Fighting
 13232 | Lair:1   | Reached XP level 11. HP: 51/55 MP: 12/19
 13704 | Lair:1   | Received a gift from Okawaru
 13710 | Lair:1   | Noticed Grangar's ghost (novice DECj)
 13732 | Lair:1   | Killed Grangar's ghost
 13950 | Lair:1   | Found a snail-covered altar of Cheibriados.
 14314 | Lair:2   | Reached skill level 13 in Stealth
 14542 | Lair:2   | Received a gift from Okawaru
 14679 | Lair:2   | Reached skill level 1 in Invocations
 15012 | Lair:2   | Reached XP level 12. HP: 63/63 MP: 20/20
 15666 | Lair:3   | Reached skill level 14 in Stealth
 16137 | Lair:3   | You fall through a shaft!
 16607 | Lair:4   | Found a hole to the Spider Nest.
 16939 | Lair:4   | Found a staircase to the Swamp.
 17005 | Lair:4   | Reached skill level 15 in Stealth
 17200 | Lair:4   | Reached ****** piety under Okawaru
 17425 | Lair:5   | Reached skill level 15 in Dodging
 17639 | Lair:5   | Reached skill level 5 in Invocations
 17825 | Lair:5   | Received a gift from Okawaru
 18277 | Lair:5   | Noticed Maud
 18304 | Lair:5   | Killed Maud
 18427 | Lair:5   | Reached XP level 13. HP: 67/67 MP: 17/23
 18824 | Lair:6   | Received a gift from Okawaru
 19355 | Lair:6   | Reached skill level 16 in Stealth
 20066 | Lair:7   | Noticed Rupert
 20108 | Lair:6   | Killed Rupert
 20108 | Lair:6   | Received a gift from Okawaru
 20108 | Lair:6   | Reached skill level 17 in Stealth
 20720 | Lair:7   | Reached skill level 18 in Stealth
 21564 | Lair:8   | Entered Level 8 of the Lair of Beasts
 22014 | Lair:7   | Reached XP level 14. HP: 56/74 MP: 7/25
 22508 | Lair:8   | Reached skill level 19 in Stealth
 22867 | Lair:8   | Reached skill level 10 in Hexes
 23373 | Lair:7   | Received a gift from Okawaru
 23394 | Lair:7   | Got a bloodstained cloak {god gift}
 23405 | Lair:7   | Identified the +2 cloak "Naept" {rCorr Dex+2} (Okawaru gifted it to you on level 7 of the Lair of Beasts)
 24601 | Orc:1    | Entered Level 1 of the Orcish Mines
 24604 | Orc:1    | Noticed Nergalle
 24698 | Orc:1    | Killed Nergalle
 24977 | Orc:2    | Found an iron altar of Okawaru.
 26725 | Orc:4    | Entered Level 4 of the Orcish Mines
 26814 | Orc:4    | Noticed Josephine
 26819 | Orc:4    | Killed Josephine
 26875 | Orc:4    | Found Paqav's Distillery.
 27431 | Orc:4    | Found a burning altar of Makhleb.
 27434 | Orc:4    | Found a staircase to the Elven Halls.
 27537 | Orc:4    | Found Taosal's Distillery.
 27572 | Orc:4    | Gained mutation: Your body sometimes deteriorates upon taking damage. [a neqoxec]
 28244 | Orc:4    | Received a gift from Okawaru
 28247 | Orc:4    | Got a crystal rapier {god gift}
 28248 | Orc:4    | Identified the +7 rapier of Hutydic {pierce, +Blink rPois Int+4} (Okawaru gifted it to you on level 4 of the Orcish Mines)
 29513 | Orc:4    | Reached XP level 15. HP: 79/79 MP: 19/26
 29532 | Orc:4    | Found Muetaic's Antique Armour Emporium.
 29532 | Orc:4    | Found Guomexkoi's Book Shoppe.
 29533 | Orc:4    | Found a one-way gate leading to the halls of Pandemonium.
 30419 | D:11     | Received a gift from Okawaru
 30798 | D:11     | Reached skill level 10 in Fighting
 30922 | D:12     | Noticed Azrael
 31107 | D:12     | Killed Azrael
 31107 | D:12     | Reached skill level 20 in Stealth
 32323 | D:13     | Noticed Frances
 33147 | Spider:1 | Entered Level 1 of the Spider Nest
 33347 | Spider:2 | Noticed Donald
 33354 | Spider:2 | Killed Donald
 33483 | Spider:4 | Entered Level 4 of the Spider Nest
 33585 | Spider:4 | Received a gift from Okawaru
 33588 | Spider:4 | Got an ancient rapier {god gift}
 33589 | Spider:4 | Identified the +4 rapier "Ziubem" {pierce, rElec rF+ Str-2 Dex+2} (Okawaru gifted it to you on level 4 of the Spider Nest)
 34702 | Spider:4 | Received a gift from Okawaru
 34939 | Spider:4 | Reached XP level 16. HP: 82/85 MP: 8/27
 35177 | Spider:4 | Reached skill level 21 in Stealth
 35204 | Spider:4 | HP: 4/85 [jumping spider (4)]
 35204 | Spider:4 | Mangled by a jumping spider

Vault maps used:
D:1:      shiori_shiawase, minmay_lizard_king
D:2:      fiery_altar_vehumet, first_bread, bh_chokoban, minmay_distorted
D:3:      grunt_temple_overflow_open, ecumenical_altar_1, serial_forest,
          infiniplex_forest_straight_3, infiniplex_forest_end_2,
          infiniplex_forest_clump_long, infiniplex_forest_zigzag_2,
          infiniplex_forest_lined_room_3
D:4:      gup_sewer_entry_bubbles, uniq_menkaure, uniq_natasha
D:5:      black_bear_nest_1
D:6:      kennysheep_mini_moat, minmay_temple_entry_large_hall, serial_shops,
          shop, uniq_duvessa
D:7:      grunt_dithmenos_smoke
D:8:      kennysheep_little_box, grunt_gozag_statues, grunt_ogre_cave,
          uniq_gastronok
D:9:      tgw_sif, orc_0_dummy, uniq_prince_ribbit1
D:10:     nicolae_looking_at_the_future
D:11:     minmay_goldmine
D:12:     serial_bayou_ford_a, serial_bayou_pond_b, uniq_azrael
D:13:     grunt_vaults_entry_fortified, uniq_urug, uniq_frances
Temple:   triangle_lava_temple_11
Lair:1:   basic_altar, nicolae_quartered_pool_medium, minivault_27,
          grunt_megastairs_4
Lair:2:   beast_lair_carwin_8, infiniplex_staircase_pool_2
Lair:3:   serial_bayou_pond_d, bh_autumn_forest_stairs
Lair:4:   minmay_swamp_entry_worms, spider_nest_entry_rubble,
          beast_lair_carwin_6
Lair:5:   kennysheep_basilisk_garden, uniq_maud
Lair:6:   wad_woods_antlair
Lair:7:   minmay_slime_entry_oklob_enclosed, uniq_rupert
Lair:8:   minmay_lair_end_enchanted_forest, grunt_megastairs_3,
          lemuel_fruit_fields, serial_bayou_shore_b, lemuel_fruit_fields
Spider:2: uniq_donald
Spider:3: nicolae_spider_mines_3, nicolae_spider_webs_and_nodes, uniq_mara
Spider:4: guppyfry_spider_rune, hangedman_stitches_earthworm
Orc:1:    uniq_nergalle
Orc:2:    okawaru_metal_pillars_1_2
Orc:3:    nicolae_orc_pool_cavern
Orc:4:    pf_orc_diabolical, basic_altar, uniq_josephine
Sewer:    sewer_co_purgy_island

Action                   |  1- 3 |  4- 6 |  7- 9 | 10-12 | 13-15 | 16-18 || total
-------------------------+-------+-------+-------+-------+-------+-------++-------
Melee: Dagger            |   177 |   213 |   455 |   219 |       |       ||  1064
       Quick blade       |       |       |       |   694 |  1762 |       ||  2456
       Rapier            |       |       |       |       |   617 |    25 ||   642
 Cast: Corona            |    11 |    29 |    21 |     3 |     4 |       ||    68
       Ensorcelled Hiber |     5 |    17 |    34 |   135 |   340 |     9 ||   540
       Confuse           |       |       |     9 |    30 |   140 |     3 ||   182
Invok: Heroism           |       |       |       |       |     3 |       ||     3
Evoke: Wand              |       |     5 |     3 |     7 |     2 |       ||    17
  Use: Potion            |       |     3 |       |     6 |     3 |       ||    12
       Scroll            |       |     7 |     1 |    25 |     9 |     1 ||    43
 Stab: Sleeping          |    19 |    18 |    41 |   128 |   241 |     4 ||   451
       Distracted        |       |       |     3 |     5 |    27 |     1 ||    36
       Confused          |       |       |     4 |    16 |    79 |     1 ||   100
  Eat: Fruit             |       |     2 |     9 |     9 |     7 |     1 ||    28
       Pizza             |       |     1 |       |       |     1 |       ||     2
       Bread ration      |       |       |       |       |     2 |       ||     2
